 Dungeon Crawl Stone Soup version 0.31-a0-609-g7bf6ffcfed (webtiles) character file.

Game seed: 13354673441749332287

30 Duck the Changeling (level 3, 0/1 HPs)
             Began as a Meteoran Shapeshifter on Aug 21, 2023.
             Slain by Ijyb
             ... wielding a +0 dagger
              (1 damage)
             ... on level 3 of the Dungeon.
             The game lasted 00:04:17 (2812 turns).

Duck the Changeling (Meteoran Shapeshifter)         Turns: 2812, Time: 00:04:18

Health: 0/1        AC:  2    Str: 18    XL:     3   Next: 55%
Magic:  4/4        EV: 12    Int: 10    God:
Gold:   105        SH:  0    Dex: 14    Spells: 2/2 levels left

rFire   . .          .
                       - Unarmed
rCold   . . .        (no shield)
rNeg    . . .        a - +0 animal skin
rPois   .            (helmet currently unavailable)
rElec   .            (cloak currently unavailable)
rCorr   .            (gloves currently unavailable)
SInv    .            (boots currently unavailable)
Will    .....        (no amulet)
Stlth   +            (no ring)
HPRegen 0.20/turn    (no ring)
MPRegen 0.09/turn

%: no passive effects
@: beast-form, glowing
A: beast (slay +2), sense surroundings 1, otherworldly, glowing, explore regen
a: Begin Untransformation


You were on level 3 of the Dungeon.
You were a hulking beast.
You visited 1 branch of the dungeon, and saw 3 of its levels.

You collected 105 gold pieces.

Inventory:

Armour
 a - a +0 animal skin (worn)
Talismans
 c - a beast talisman (active)
 d - a flux talisman
 j - a blade talisman
Scrolls
 g - a scroll of teleportation {unknown}
 h - 2 scrolls of identify {unknown}
 k - a scroll of blinking {unknown}
Potions
 b - a potion of lignification
 e - 2 potions of brilliance {unknown}
 f - a potion of attraction {unknown}
 i - a potion of degeneration {unknown}
 l - a potion of mutation {unknown}


   Skills:
 * Level 2.2 Fighting
 - Level 2.1 Dodging
 + Level 4.0 Unarmed Combat
 * Level 4.1 Shapeshifting


You had 2 spell levels left.
You didn't know any spells.
Your spell library contained the following spells:

 Spells                   Type           Power      Damage    Failure   Level
 Sandblast                Erth           0%         2d4       36%         1
 Passwall                 Tmut/Erth      0%         N/A       50%         2
 Poisonous Vapours        Pois/Air       0%         N/A       50%         2
 Mephitic Cloud           Conj/Pois/Air  0%         N/A       75%         3
 Stone Arrow              Conj/Erth      0%         3d7       75%         3
 Freezing Cloud           Conj/Ice/Air   0%         6-21      100%        5


Dungeon Overview and Level Annotations

Branches:
Dungeon (3/15) Zot: 788

Altars:

Annotations:
D:3 Ijyb


Innate Abilities, Weirdness & Mutations

You are a hulking beast.
Your limbs bulge with bestial killing power. (Slay +2)
You passively map a small area around you.
You are easily found by Zot.
You glow in the dark.
You regain HP and MP as you explore.


Message History

Found a stone staircase leading down.
There is a stone staircase leading down here.
Found a robe.
You have lingered too long.
Zot senses you.
Dive deeper or flee this branch before you suffer!
You now have 98 gold pieces (gained 11).
You see here a +0 robe.
Zot draws nearer.
Dive deeper or flee this branch before you suffer!
Found a stone staircase leading down.
There is a stone staircase leading down here.
You now have 105 gold pieces (gained 7).
Found a stone staircase leading up.
Zot has nearly found you.
Suffering is imminent.
Descend or flee this branch!
Zot's power touches on you...
Buggy note passed: unknown note type
l - a metallic sapphire potion You have lingered too long.
Zot senses you.
Dive deeper or flee this branch before you suffer!
You open the door.
There is an open door here.
Zot draws nearer.
Dive deeper or flee this branch before you suffer!
You see here a +0 flail.
Zot has nearly found you.
Suffering is imminent.
Descend or flee this branch!
Zot's power touches on you...
Buggy note passed: unknown note type
There is a stone staircase leading down here.
You climb downwards.
Ijyb shouts!
The ball python hisses angrily.
Found a scale mail and a hand axe.
Found a stone staircase leading down.
There is a stone staircase leading up here.
You hit the ball python.
The ball python is moderately wounded.
The ball python bites you but does no damage.
The ball python grabs you. The ball python constricts you.
You closely miss the ball python.
The ball python is moderately wounded.
The ball python barely misses you. The ball python constricts you.
You punch the ball python!
You kill the ball python!
You hit Ijyb but do no damage. Ijyb hits you with a +0 dagger.
Ouch! That really hurt!
You die...

, * ,* * ,
.. * * ,
###.#####
, *
#.......#
, *
#....)..#
,* *
#....[>.##
,
#........
*
#.......#
*
#.....gh#
#.......#
#########


You could see Ijyb.

Vanquished Creatures
  2 bats (D:1)
  3 endoplasms
  2 giant cockroaches
  A goblin (D:2)
  4 hobgoblins (D:1)
  4 jackals (D:2)
  2 quokkas (D:1)
  3 ball pythons
  2 frilled lizards (D:1)
  2 rats (D:1)
25 creatures vanquished.

Notes
Turn   | Place    | Note
-------+----------+-------------------------------------------
     0 | D:1      | Duck the Meteoran Shapeshifter began the quest for the Orb.
     0 | D:1      | Reached XP level 1. HP: 16/16 MP: 2/2
    46 | D:1      | Reached XP level 2. HP: 23/23 MP: 3/3
   342 | D:1      | Reached XP level 3. HP: 29/29 MP: 4/4
   499 | D:1      | Glimpsed the power of Zot.
   550 | D:1      | Glimpsed the power of Zot.
   590 | D:1      | Glimpsed the power of Zot.
   599 | D:1      | Touched by the power of Zot (MHP 29 -> 22)
  1301 | D:2      | Glimpsed the power of Zot.
  1351 | D:2      | Glimpsed the power of Zot.
  1391 | D:2      | Glimpsed the power of Zot.
  1400 | D:2      | Touched by the power of Zot (MHP 22 -> 16)
  1501 | D:2      | Glimpsed the power of Zot.
  1551 | D:2      | Glimpsed the power of Zot.
  1591 | D:2      | Glimpsed the power of Zot.
  1600 | D:2      | Touched by the power of Zot (MHP 15 -> 10)
  1701 | D:2      | Glimpsed the power of Zot.
  1751 | D:2      | Glimpsed the power of Zot.
  1791 | D:2      | Glimpsed the power of Zot.
  1800 | D:2      | Touched by the power of Zot (MHP 9 -> 5)
  1901 | D:2      | Glimpsed the power of Zot.
  1951 | D:2      | Glimpsed the power of Zot.
  1991 | D:2      | Glimpsed the power of Zot.
  2000 | D:2      | Touched by the power of Zot (MHP 5 -> 2)
  2101 | D:2      | Glimpsed the power of Zot.
  2151 | D:2      | Glimpsed the power of Zot.
  2191 | D:2      | Glimpsed the power of Zot.
  2200 | D:2      | Touched by the power of Zot (MHP 2 -> 1)
  2301 | D:2      | Glimpsed the power of Zot.
  2351 | D:2      | Glimpsed the power of Zot.
  2391 | D:2      | Glimpsed the power of Zot.
  2400 | D:2      | Touched by the power of Zot (MHP 1 -> 1)
  2501 | D:2      | Glimpsed the power of Zot.
  2551 | D:2      | Glimpsed the power of Zot.
  2591 | D:2      | Glimpsed the power of Zot.
  2600 | D:2      | Touched by the power of Zot (MHP 1 -> 1)
  2701 | D:2      | Glimpsed the power of Zot.
  2751 | D:2      | Glimpsed the power of Zot.
  2791 | D:2      | Glimpsed the power of Zot.
  2800 | D:2      | Touched by the power of Zot (MHP 1 -> 1)
  2808 | D:3      | Noticed Ijyb
  2812 | D:3      | Slain by Ijyb

Illustrated notes

Levels and vault maps discovered:
D:1:      reono_arrival_forest_river, layout_basic
D:2:      layout_basic
D:3:      layout_rooms, uniq_jessica, uniq_ijyb

Skill      XL: |  1  2  3 |
---------------+----------+-----
Shapeshifting  | 4 |  4.1
Fighting       | 2 |  2.2
Unarmed Combat | 4 |  4.0
Dodging        | |  2.1

Action                     || total
---------------------------++-------
  Melee: Unarmed           ||    52
 Armour: Animal skin       ||     6
  Dodge: Dodged            ||    22

Table legend: (Time is in decaauts)
 A = Elapsed time spent in this place.
 B = Non-inter-level travel time spent in this place.
 C = Inter-level travel time spent in this place.
 D = Time resting spent in this place.
 E = Time spent auto-exploring this place.
 F = Levels seen in this place.
 G = Mean time per level.
                   A        B        C        D        E       F      G
               +--------+--------+--------+--------+--------+-----+--------+
         Total |   2810 |   2694 |    116 |    691 |    959 |   3 |  936.7 |
       Dungeon |   2810 |   2694 |    116 |    691 |    959 |   3 |  936.7 |
               +--------+--------+--------+--------+--------+-----+--------+

Top non-repeatable levels by time:
     D:2: 2148 daAuts
     D:1: 659 daAuts
     D:3: 3 daAuts
